 Dungeon Crawl Stone Soup version 0.31.0-11-ge490571c62 (webtiles) character file.

Game seed: 17245099635833658838

51 qw the Shooter (level 3, -2/20 HPs)
             Began as a Deep Elf Hunter on Feb 3, 2024.
             Slain by Grinder (3 damage)
             ... on level 3 of the Dungeon.
             The game lasted 00:00:05 (1722 turns).

qw the Shooter (Deep Elf Hunter)                    Turns: 1722, Time: 00:00:06

Health: -2/20      AC:  5    Str: 10    XL:     3   Next: 58%
Magic:  5/5        EV: 12    Int: 13    God:
Gold:   101        SH:  0    Dex: 18    Spells: 2/2 levels left

rFire   . . .        a - +0 shortbow (freeze)
rCold   . . .        (shield currently unavailable)
rNeg    . . .        c - +0 leather armour
rPois   .            (no helmet)
rElec   .            f - +1 cloak
rCorr   .            (no gloves)
SInv    .            (no boots)
Will    .....        (no amulet)
Stlth   ++           (no ring)
HPRegen 0.23/turn    (no ring)
MPRegen 0.09/turn

%: no passive effects
@: hasted, very quick
A: no striking features
a: no special abilities


You were on level 3 of the Dungeon.
You visited 1 branch of the dungeon, and saw 3 of its levels.

You collected 101 gold pieces.


   Skills:
 - Level 1.5 Fighting
 + Level 7.1 Ranged Weapons
 - Level 2.4 Dodging
 - Level 1.2 Stealth


You had 2 spell levels left.
You didn't know any spells.
Your spell library was empty.

Inventory:

Hand Weapons
 a - a +0 shortbow of freezing (weapon)
Armour
 c - a +0 leather armour (worn)
 f - a +1 cloak (worn)
Scrolls
 g - a scroll of poison {unknown}
Potions
 e - a potion of enlightenment {unknown}

Dungeon Overview and Level Annotations

Branches:
Dungeon (3/15)

Altars:
Trog

Annotations:
D:3 Grinder


Message History

Found a stone staircase leading up.
The frilled lizard hisses angrily.
Enter note:
Enter note: You shoot an arrow.
The arrow hits the frilled lizard.
The frilled lizard seems to slow down.
The arrow freezes the frilled lizard.
You kill the frilled lizard!
Grinder comes into view.
1711 ||| DRINKING potion of haste.
You feel yourself speed up.
You shoot an arrow. The arrow barely misses Grinder.
Grinder blinks!
You shoot an arrow. The arrow hits Grinder.
Grinder is lightly wounded.
You shoot an arrow. The arrow hits Grinder!
The arrow freezes Grinder.
Grinder is moderately wounded.
You shoot an arrow. The arrow barely misses Grinder.
Grinder gestures at you. Pain shoots through your body!
You shoot an arrow. The arrow barely misses Grinder.
Grinder barely misses you.
You shoot an arrow. The arrow hits Grinder.
Grinder is heavily wounded.
You shoot an arrow.
The arrow hits Grinder but does no damage.
Grinder is heavily wounded.
Grinder closely misses you.
You shoot an arrow.
The arrow hits Grinder but does no damage.
Grinder is heavily wounded.
Grinder hits you.
You writhe in agony.
You shoot an arrow. The arrow hits Grinder!
Grinder is severely wounded.
You shoot an arrow. The arrow hits Grinder.
Grinder is severely wounded.
Grinder hits you.
You writhe in agony.
You shoot an arrow. The arrow hits Grinder!
Grinder is almost dead.
Grinder hits you.
You writhe in agony.
You die...
Grinder sighs, "Dead already?
I want a refund."

........#
#.....)..#.
...####.#
#######'##. ###
#.# #.........
#.# #.........
# #.#
#......... .##.
#.# ######.##.
..... #.# #.#..
.%...<#.#######
#.#..
#..5@.......
..+..
........#####..
#.#.. #######..
#.. .... #..
.#### #.. #. #
##. #. #.##. #.
#.... .#..#.


You could see Grinder.

Vanquished Creatures
  A dart slug (D:3)
  A ribbon worm (D:2)
  An orc (D:3)
  3 endoplasms
  A giant cockroach (D:2)
  3 hobgoblins
  4 jackals (D:1)
  6 kobolds
  2 quokkas
  A ball python (D:1)
  4 bats
  4 frilled lizards
  6 goblins
  6 rats
43 creatures vanquished.

Notes
Turn   | Place    | Note
-------+----------+-------------------------------------------
     0 | D:1      | qw the Deep Elf Hunter began the quest for the Orb.
     0 | D:1      | Reached XP level 1. HP: 12/12 MP: 3/3
     0 | D:1      | 0 ||| qw: Version: 0.3-a-157-g843a77d
     0 | D:1      | 0 ||| qw: Game counter: 3687
     0 | D:1      | 0 ||| qw: Melee chars always use a shield: true
     0 | D:1      | 0 ||| qw: God list: Okawaru
     0 | D:1      | 0 ||| qw: Allow faded altars: false
     0 | D:1      | 0 ||| qw: Do Orc after clearing Dungeon:15 true
     0 | D:1      | 0 ||| qw: Do second Lair branch before Depths: true
     0 | D:1      | 0 ||| qw: Lair rune preference: random
     0 | D:1      | 0 ||| qw: Goals: Normal
     0 | D:1      | 0 ||| PLANNING D:1-11
   132 | D:1      | 132 ||| DROPPING scroll of butterflies.
   170 | D:1      | Reached skill level 6 in Ranged Weapons
   170 | D:1      | Reached XP level 2. HP: 16/16 MP: 4/4
   460 | D:1      | 460 ||| DROPPING amulet of magic regeneration.
   461 | D:1      | 461 ||| READING scroll labelled XUC ZYRODAOCS.
   461 | D:1      | 461 ||| IDENTIFYING glowing red potion
   796 | D:2      | Reached XP level 3. HP: 20/20 MP: 5/5
  1023 | D:2      | HP: 5/20 [ribbon worm (8)]
  1522 | D:2      | 1522 ||| UPGRADING to +0 cloak.
  1527 | D:2      | 1527 ||| READING scroll of identify.
  1527 | D:2      | 1527 ||| IDENTIFYING sapphire potion
  1528 | D:2      | 1528 ||| READING 3 scrolls labelled HAHIMYABRU.
  1529 | D:2      | 1529 ||| READING scroll labelled JAD IQORURPH.
  1529 | D:2      | 1529 ||| ENCHANTING +0 cloak.
  1530 | D:2      | 1530 ||| READING scroll labelled XUMATS CONEXI.
  1531 | D:2      | 1531 ||| DROPPING 2 scrolls of fear.
  1532 | D:2      | 1532 ||| DROPPING potion of brilliance.
  1636 | D:3      | Reached skill level 7 in Ranged Weapons
  1686 | D:3      | Found a bloodstained altar of Trog.
  1687 | D:3      | 1687 ||| READING scroll labelled RIOCHA WUQOUCW.
  1687 | D:3      | 1687 ||| BRANDING +0 shortbow.
  1710 | D:3      | Noticed Grinder
  1711 | D:3      | 1711 ||| DRINKING potion of haste.
  1721 | D:3      | HP: 4/20 [Grinder (5)]
  1722 | D:3      | HP: 1/20 [Grinder (3)]
  1722 | D:3      | Slain by Grinder

Levels and vault maps discovered:
D:1:      shiori_arrival_oz, layout_basic, serial_glass, glass_columns_a,
          glass_columns_b, glass_columns_a, glass_columns_a, glass_columns_a,
          glass_columns_a, minmay_strange_pillars, item_on_display_a,
          corexii_hall_statues_x
D:2:      layout_basic
D:3:      layout_basic, mainiacjoe_overflow_brackets, uniq_grinder

Skill      XL: |  1  2  3 |
---------------+----------+-----
Ranged Weapons | 6 7 |  7.1
Fighting       | |  1.5
Dodging        | |  2.4
Stealth        | |  1.2

Action                     || total
---------------------------++-------
   Fire: Shortbow          ||   122
    Use: Scroll            ||     6
         Potion            ||     1
 Armour: Leather armour    ||    31
  Dodge: Dodged            ||    28

Table legend:
 A = Non-vault XP
 B = Vault XP
 C = Vault XP percentage of total XP
 D = Non-vault monster count
 E = Vault monster count
 F = Vault count percentage of total count
                 A         B        C        D         E       F
            +---------+---------+-------+---------+---------+-------
      Total |      70 |       4 |   5.4 |      41 |       2 |   4.7
            +---------+---------+-------+---------+---------+-------
        D:1 |      36 |       4 |  10.0 |      25 |       2 |   7.4
        D:2 |      16 |       0 |   0.0 |       8 |       0 |   0.0
        D:3 |      18 |       0 |   0.0 |       8 |       0 |   0.0
            +---------+---------+-------+---------+---------+-------
